 Dungeon Crawl Stone Soup version 0.29-a0-297-g7659ce593d (webtiles) character file.

Game seed: 9692955522140932964

49 kae the Firebug (level 3, 0/20 HPs)
             Began as a Tengu Fire Elementalist on Mar 21, 2022.
             Slain by a gnoll
             ... wielding a +0 whip
              (3 damage)
             ... on level 1 of the Dungeon.
             The game lasted 00:01:11 (2099 turns).

kae the Firebug (Tengu Fire Elementalist)           Turns: 2099, Time: 00:01:12

Health: 0/20       AC:  3    Str:  8    XL:     3   Next: 75%
Magic:  2/7        EV: 12    Int: 17    God:
Gold:   132        SH:  0    Dex: 14    Spells: 0/6 levels left

rFire   . . .      SeeInvis .   c - +0 mace
rCold   . . .      Faith    .   (no shield)
rNeg    . . .      Spirit   .   a - +0 robe
rPois   .          Reflect  .   (helmet restricted)
rElec   .          Harm     .   j - +0 cloak
rCorr   .          Rampage  .   (no gloves)
Will    .....                   (boots unavailable)
Stlth   ++........              (no amulet)
HPRegen 0.06/turn               (no ring)
MPRegen 0.10/turn               (no ring)

@: no status effects
A: beak, talons 3
a: no special abilities


You were on level 1 of the Dungeon.
You visited 1 branch of the dungeon, and saw 2 of its levels.

You collected 132 gold pieces.

Inventory:

Hand Weapons
 c - a +0 mace (weapon)
Armour
 a - a +0 robe (worn)
 j - a +0 cloak (worn)
Jewellery
 k - a ring of ice
Wands
 g - a wand of paralysis (10)
Scrolls
 l - a scroll of teleportation {unknown}
 m - a scroll of magic mapping
 q - a scroll of identify
 r - a scroll of blinking {unknown}
 t - a scroll of enchant armour {unknown}
Potions
 b - a potion of magic
 d - a potion of curing
 e - 2 potions of brilliance {unknown}
 f - a potion of attraction {unknown}
 h - a potion of mutation {unknown}
 i - a potion of lignification {unknown}
 n - 3 potions of heal wounds {unknown}
 o - a potion of resistance {unknown}
 p - a potion of might {unknown}
 s - a potion of degeneration {unknown}


   Skills:
 + Level 1.1 Fighting
 - Level 2.1 Dodging
 - Level 2.0 Stealth
 + Level 2.4 Spellcasting
 + Level 2.3 Conjurations
 * Level 4.1 Fire Magic


You couldn't memorise any spells.
You knew the following spells:

 Your Spells              Type           Power      Damage    Failure   Level
a - Foxfire               Conj/Fire      52%        2x1d6     4%          1
b - Scorch                Fire           32%        2d7       5%          2
c - Conjure Flame         Conj/Fire      13%        6-21      14%         3

Your spell library contained the following spells:

 Spells                   Type           Power      Damage    Failure   Level
 Inner Flame              Hex/Fire       9%         N/A       24%         3
 Dazzling Flash           Conj/Hex       12%        N/A       34%         3
 Flame Wave               Conj/Fire      13%        2d6       43%         4
 Agony                    Necr           2%         N/A       99%         5
 Silence                  Hex/Air        1%         N/A       99%         5


Dungeon Overview and Level Annotations

Branches:
Dungeon (2/15)

Altars:


Innate Abilities, Weirdness & Mutations

You have a beak for a mouth.
You have claws for feet.


Message History

You see here 27 stones.
Casting: Foxfire (safe; 4% risk of failure)
Confirm with . or Enter, or press ? or * to list all spells.
The spell is extremely dangerous to miscast (14% risk of failure)!
Continue anyway?
The fire begins to smoulder!
The fire ignites!
The gnoll attacks as you move away! The gnoll misses you.
There is a stone staircase leading up here.
The gnoll barely misses you.
You climb upwards.
There is a stone staircase leading down here.
Casting: Conjure Flame (extremely dangerous; 14% risk of failure)
Confirm with . or Enter, or press ? or * to list all spells.
You conjure some foxfire!
The gnoll hits you with a +0 whip.
The foxfire hits the gnoll.
The gnoll is moderately wounded.
The foxfire hits the gnoll.
The gnoll is moderately wounded.
The gnoll hits you with a +0 whip!
Casting: Foxfire (safe; 4% risk of failure)
Confirm with . or Enter, or press ? or * to list all spells.
You conjure some foxfire!
The gnoll hits you with a +0 whip.
The foxfire hits the gnoll.
The gnoll is heavily wounded.
The foxfire hits the gnoll.
The gnoll is severely wounded.
The gnoll closely misses you.
Casting: Foxfire (safe; 4% risk of failure)
Confirm with . or Enter, or press ? or * to list all spells.
You conjure some foxfire!
The gnoll misses you.
The foxfire hits the gnoll.
The gnoll is almost dead.
The foxfire hits the gnoll but does no damage.
The gnoll is almost dead.
The gnoll hits you with a +0 whip.
* * * LOW HITPOINT WARNING * * *
Casting: Foxfire (safe; 4% risk of failure)
Confirm with . or Enter, or press ? or * to list all spells.
You conjure some foxfire!
The gnoll hits you with a +0 whip.
You die...

....#
####......##.###########
....###......#####.#
.............# #.#
.............# ###.#
[............# #...#
.....##.....## #.###
.....##.....####.#
....)..........v.#
.....#.########g@########
######...######..v......#
........................#
########.######.........#
#.# #.........# #.#
#........)###### #.#
#..............# #.#
#..######.####.# #.#
#..######.# #.#


You could see a gnoll (ally target).

Vanquished Creatures
  An adder (D:2)
  A dart slug (D:2)
  3 endoplasms (D:2)
  3 giant cockroaches
  4 goblins
  3 hobgoblins (D:2)
  4 kobolds
  2 quokkas (D:1)
  3 ball pythons
  4 bats (D:2)
  2 frilled lizards (D:2)
  4 rats
34 creatures vanquished.

Vanquished Creatures (others)
  94 foxfires
94 creatures vanquished.

Grand Total: 128 creatures vanquished

Notes
Turn   | Place    | Note
-------+----------+-------------------------------------------
     0 | D:1      | kae the Tengu Fire Elementalist began the quest for the
                  | Orb.
     0 | D:1      | Reached XP level 1. HP: 10/10 MP: 4/4
   237 | D:1      | Reached XP level 2. HP: 16/16 MP: 0/6
  1344 | D:2      | Reached XP level 3. HP: 20/20 MP: 5/7
  1347 | D:2      | Learned a level 2 spell: Scorch
  1351 | D:2      | Learned a level 3 spell: Conjure Flame
  1579 | D:2      | Reached skill level 1 in Fighting
  1643 | D:2      | Reached skill level 4 in Fire Magic
  2099 | D:1      | Slain by a gnoll

Illustrated notes

Levels and vault maps discovered:
D:1:      psy_arrival_whirlpool, layout_basic
D:2:      layout_basic, dk_noncrumbling_3, nicolae_figureground_pulse

Skill      XL: |  1  2  3 |
---------------+----------+-----
Conjurations   | 2 |  2.3
Fighting       | 1 |  1.1
Fire Magic     | 4 |  4.1
Dodging        | |  2.1
Stealth        | |  2.0
Spellcasting   | |  2.4

Action                   || total
-------------------------++-------
Melee: Mace              ||    22
       Kick              ||     2
       Peck              ||     3
 Cast: Foxfire           ||    57
       Scorch            ||     2
       Conjure Flame     ||     1
  Use: Scroll            ||     2
 Stab: Sleeping          ||     1
Armor: Robe              ||    11
Dodge: Dodged            ||    20

Table legend: (Time is in decaauts)
 A = Elapsed time spent in this place.
 B = Non-inter-level travel time spent in this place.
 C = Inter-level travel time spent in this place.
 D = Time resting spent in this place.
 E = Time spent auto-exploring this place.
 F = Levels seen in this place.
 G = Mean time per level.
                   A        B        C        D        E       F      G
               +--------+--------+--------+--------+--------+-----+--------+
         Total |   2108 |   2061 |     47 |    100 |   1647 |   2 | 1054.0 |
       Dungeon |   2108 |   2061 |     47 |    100 |   1647 |   2 | 1054.0 |
               +--------+--------+--------+--------+--------+-----+--------+

Top non-repeatable levels by time:
     D:2: 1061 daAuts
     D:1: 1047 daAuts
